 Dungeon Crawl Stone Soup version 0.23.2-1-ga50397a (webtiles) character file.

Game seed: 11507733299767978706

403 xveg the Slinger (level 7, 0/46 HPs)
             Began as a Halfling Hunter on May 15, 2019.
             Was an Initiate of Zin.
             Slain by a worm (5 damage)
             ... on level 4 of the Dungeon.
             The game lasted 00:06:27 (3127 turns).

xveg the Slinger (Halfling Hunter)                  Turns: 3127, Time: 00:06:28

Health: 0/46       AC:  6    Str: 12 (15) XL:     7   Next: 11%
Magic:  7/7        EV: 10    Int: 11 (14) God:    Zin [......]
Gold:   76         SH:  3    Dex: 10 (13) Spells: 6/6 levels left

rFire    . . .     SeeInvis .   a - +1 hunting sling
rCold    . . .     Gourm    .   d - +0 buckler
rNeg     . . .     Faith    .   g - +0 scale mail
rPois    .         Spirit   .   (no helmet)
rElec    .         Reflect  .   (no cloak)
rCorr    .         Harm     .   (no gloves)
MR       .....                  (no boots)
Stlth    ..........             (no amulet)
HPRegen  0.15/turn              r - -2 ring of dexterity (curse)
MPRegen  0.10/turn              k - ring of attention

@: brilliant
A: small, mutation resistance 1
a: Donate Gold, Renounce Religion


You were on level 4 of the Dungeon.
You worshipped Zin.
Zin was noncommittal.
You were not hungry.

You visited 1 branch of the dungeon, and saw 4 of its levels.

You collected 84 gold pieces.
You donated 8 gold pieces to Zin.

Inventory:

Hand Weapons
 a - a +1 hunting sling (weapon)
 b - a +0 short sword
 o - a +3 spear
Missiles
 i - 176 stones (quivered)
Armour
 c - a +0 leather armour
 d - a +0 buckler (worn)
 g - a +0 scale mail (worn)
Jewellery
 h - a +4 ring of evasion
 k - a ring of attention (right hand)
 l - an uncursed ring of stealth
 r - a cursed -2 ring of dexterity (left hand)
Scrolls
 p - a scroll of teleportation
Potions
 e - a potion of might {unknown}
 m - a potion of magic {unknown}
 n - a potion of degeneration
Comestibles
 f - 8 rations


   Skills:
 + Level 3.0 Fighting
 + Level 9.7(9.8) Slings
 + Level 0.6(4.2) Throwing
 + Level 2.2 Armour
 + Level 2.3 Dodging
 + Level 1.6 Stealth
 + Level 0.1 Shields


You had 6 spell levels left.
You didn't know any spells.
Your spell library was empty.

Dungeon Overview and Level Annotations

Branches:
Dungeon (4/15)
 Temple: D:4-7

Altars:
Cheibriados
Gozag
Makhleb
Okawaru
Qazlal
Xom
Zin

Annotations:
D:3 2 transporters, Dowan, Duvessa


Innate Abilities, Weirdness & Mutations

You are small and have problems with some larger weapons.
You are somewhat resistant to further mutation.


Message History

The worm is severely wounded.
You feel sick.
Things that are here:
4 stones; an adder corpse
There is an open door here.
Okay, then.
Wield which item (- for none, * to show all)? (? for menu, Esc to quit)
Okay, then.
Press: ? - help, v - describe, . - travel An open door.
Okay, then.
It was a potion of degeneration.
There was something very wrong with that liquid.
You feel weakened.
You feel dopey.
You feel clumsy.
It was a potion of brilliance.
You feel clever all of a sudden.
You feel sick.
You are no longer poisoned.
The gnoll barely misses you. The worm bites you.
You die...

..... #.#.# ...(.+
#.#.# .....##
#.#.####### ....(..
#.......... .....(.
#...###### .......
#........# .(.....
#........###(......
#...(....@wgg....#
#........#######.#
#........#
#.....††.#
####.....#######+
#.............
#####.........
#...........
#...........


You could see a worm and 2 gnolls.

Vanquished Creatures
  A phantom (D:4)
  An iguana (D:4)
  An orc wizard (D:4)
  A worker ant (D:4)
  9 gnolls
  4 adders
  2 oozes
  3 worms
  A dart slug (D:1)
  3 leopard geckos
  7 orcs
  4 giant cockroaches
  13 goblins
  5 hobgoblins
  8 jackals
  3 quokkas
  3 ball pythons
  11 bats
  4 frilled lizards
  6 kobolds
  7 rats
97 creatures vanquished.

Notes
Turn   | Place    | Note
-------+----------+-------------------------------------------
     0 | D:1      | xveg the Halfling Hunter began the quest for the Orb.
     0 | D:1      | Reached XP level 1. HP: 14/14 MP: 1/1
     7 | D:1      | Reached skill level 6 in Slings
    17 | D:1      | Reached XP level 2. HP: 19/19 MP: 2/2
   202 | D:1      | Reached XP level 3. HP: 11/24 MP: 3/3
   318 | D:1      | Reached skill level 1 in Armour
   442 | D:1      | Reached skill level 7 in Slings
   690 | D:1      | You fall through a shaft!
   843 | D:3      | Found a transporter.
   848 | D:3      | Reached XP level 4. HP: 29/29 MP: 4/4
   927 | D:3      | Found a transporter.
   960 | D:3      | Found an iron altar of Okawaru.
  1430 | D:3      | Reached XP level 5. HP: 29/35 MP: 5/5
  1437 | D:3      | Reached skill level 8 in Slings
  1723 | D:2      | Found a snail-covered altar of Cheibriados.
  1738 | D:2      | Found a shimmering altar of Xom.
  1758 | D:2      | Found a shimmering altar of Xom.
  1759 | D:2      | Found a shimmering altar of Xom.
  1931 | D:2      | Reached XP level 6. HP: 26/41 MP: 6/6
  1944 | D:2      | Found a burning altar of Makhleb.
  1949 | D:2      | Noticed a cacodemon
  1951 | D:2      | Found a glowing silver altar of Zin.
  1952 | D:2      | Noticed an angel
  1978 | D:2      | Became a worshipper of Zin the Law-Giver
  2358 | D:2      | Found an opulent altar of Gozag.
  2358 | D:2      | Found a stormy altar of Qazlal.
  2582 | D:4      | Noticed Duvessa
  2582 | D:4      | Noticed Dowan
  2888 | D:4      | HP: 2/41 [Duvessa/+0 short sword (7)]
  2948 | D:4      | Reached skill level 9 in Slings
  3024 | D:4      | Noticed a phantom
  3040 | D:4      | Killed a phantom
  3049 | D:4      | Reached XP level 7. HP: 34/45 MP: 7/7
  3127 | D:4      | Slain by a worm

Skill      XL: |  1  2  3  4  5  6  7 |
---------------+----------------------+-----
Slings         | 6 7 8 9 |  9.7
Fighting       | 2 3 |  3.0
Armour         | 1 2 |  2.2
Throwing       | |  0.6
Dodging        | |  2.3
Stealth        | |  1.6
Shields        | |  0.1

Action                   |  1- 3 |  4- 6 |  7- 9 || total
-------------------------+-------+-------+-------++-------
Melee: Short sword       |     4 |       |       ||     4
       Hunting sling     |       |     3 |       ||     3
 Fire: Hunting sling     |   102 |   278 |    31 ||   411
Throw: Throwing net      |       |     4 |       ||     4
  Use: Scroll            |     3 |     1 |       ||     4
       Potion            |       |     4 |     2 ||     6
  Eat: Chunk             |       |     3 |       ||     3
       Ration            |       |     2 |       ||     2
Armor: Leather armour    |    13 |       |       ||    13
       Scale mail        |       |    40 |    10 ||    50
Dodge: Dodged            |    32 |    66 |    23 ||   121
Block: Buckler           |       |    12 |     8 ||    20
